Map: Simulacrum LE

Players

StarGirL - Winner!

  • Race: Zerg Zerg
  • League: Master
  • Spawn Location: 5:00

VOD

Have the link to the VOD?

Description

Notes:
Defend any early pools as you would normally.
After your 20 overlord, you can build 0-4 lings depending on what you do. It's not a bad idea to build 4 and send them to your opponent's third to potentially deny it but as you're not building your own third you can just skip making lings.
Practice walling off on all the maps before hand and testing out that you can use 3 buildings and a queen on hold position to defend ling floods.
Vs a ling flood, you'll want to build an evo behind your queen.and build evos behind the buildings hes breaking while you wait for your roach warren to finish. The best way to defend ling floods with 2 base roach is to not panic and just focus on buying time with your rewall. You might need to rebuild your roach warren.

Build tips:
After the first 2 queens finish, build a queen in the main and a lair in the natural and pull both your queens to the front. I recommend not dropping a creep tumor and saving energy on one of the queens so you have a transfuse available vs ling floods.
2:50 evo chamber
3:00 roach warren
3:20 start +1 ranged attack, then build 2 additional gases, and an overlord
3:30 2nd evo chamber (ling speed finishes at 3:30 so make sure this is on time)
@100% lair start roach speed

Drone to 42 drones and then build 5 roaches to take your third if your opponent has lings on the map to deny your third. Take your third when you can and continue roach production.
From here you can just keep building roaches to try to kill your opponent or you can stop around 10-20 roaches and do a push that you drone behind.
If you choose to drone behind your attack, start +2 attack and +1 carapace, get to 52 drones on 4 gases and you can do a follow up attack when these upgrades are done.

Time

  • Played on: May 20, 2020, 12:17 a.m.
  • Length: 7:50
Show
View Real Time Build Order
Export as new Build Order

StarGirL Zerg - Winner!

Build Orders: Hatch First 

Get SALT Encoding   

  12  0:02  Drone  
  12  0:12  Overlord  
  12  0:17  Drone  
  12  0:30  Drone x2  
  12  0:48  Hatchery  
  12  0:51  Drone  
  12  0:54  Drone  
  12  0:58  Drone  
  12  1:08  Extractor  
  12  1:13  Spawning Pool  
  12  1:16  Drone  
  12  1:21  Drone  
  12  1:28  Drone  
  12  1:39  Drone  
  12  1:49  Overlord  
  12  2:00  Queen x2  
  12  2:01  Drone x2  
  12  2:12  Drone x2  
  12  2:23  Drone x2  
  12  2:35  Overlord  
  12  2:36  Queen, Drone  
  12  2:37  Lair  
  12  2:44  Drone x2  
  12  2:54  Evolution Chamber  
  12  2:56  Drone x2  
  12  3:03  Roach Warren  
  12  3:05  Drone x2  
  12  3:09  Drone x3  
  12  3:10  Drone  
  12  3:12  Drone  
  12  3:16  Overlord  
  12  3:20  Zerg Missile Weapons Level 1  
  12  3:21  Extractor  
  12  3:23  Extractor  
  12  3:24  Drone  
  12  3:29  Drone  
  12  3:30  Drone  
  12  3:31  Evolution Chamber  
  12  3:36  Drone  
  12  3:39  Drone  
  12  3:42  Drone x4  
  12  3:44  Glial Reconstitution  
  12  3:49  Overlord  
  12  3:51  Overlord  
  12  3:55  Roach  
  12  3:57  Roach  
  12  4:10  Roach  
  12  4:11  Roach x2  
  12  4:14  Overlord x2  
  12  4:24  Hatchery  
  12  4:27  Roach  
  12  4:28  Roach  
  12  4:32  Roach x2  
  12  4:35  Roach  
  12  4:45  Drone x7  
  12  4:48  Drone  
  12  4:52  Zerg Ground Armor Level 1  
  12  4:58  Overlord  
  12  5:01  Overlord  
  12  5:06  Drone x3  
  12  5:09  Drone  
  12  5:11  Overlord x2  
  12  5:13  Extractor  
  12  5:16  Zerg Missile Weapons Level 2  
  12  5:19  Roach  
  12  5:22  Roach  
  12  5:26  Roach x2  
  12  5:35  Roach x3  
  12  5:38  Roach x2  
  12  5:41  Overlord  
  12  5:43  Overlord  
  12  5:45  Roach  
  12  5:48  Roach  
  12  5:52  Roach  
  12  5:53  Roach x2  
  12  5:56  Roach  
  12  5:58  Roach  
  12  5:59  Roach  
  12  6:05  Overlord x2  
  12  6:07  Roach  
  12  6:08  Roach  
  12  6:10  Roach  
  12  6:12  Roach  
  12  6:17  Roach x2  
  12  6:19  Roach  
  12  6:20  Roach  
  12  6:28  Roach x4  
  12  6:32  Overlord x2  
  12  6:35  Overlord  
  12  6:37  Roach  
  12  6:41  Roach x2  
  12  6:46  Roach x2  
  12  6:49  Roach  
  12  6:50  Roach  
  12  6:52  Ravager x3  
  12  6:53  Ravager  
  12  6:55  Overlord  
  12  6:57  Overlord  
  12  6:59  Roach  
  12  7:04  Roach x2  
  12  7:10  Roach x3  
  12  7:11  Roach  
  12  7:16  Roach x2  
  12  7:20  Roach x2  
  12  7:25  Roach x3  
Tags
 
Add a new tag
Caveats
  • Supply blocks, unpowered buildings, or Contaminate may cause inaccurate times.
  • Supply counts are checked every 10 seconds.